 Dungeon Crawl Stone Soup version 0.14-a0-586-g2535b90 (webtiles) character file.

327 PolkaDot the Cutter (level 5, -1/33 HPs)
             Began as a Vampire Wizard on Nov 4, 2013.
             Was a Follower of Vehumet.
             Killed from afar by Grinder (7 damage)
             ... with a wand of flame
             ... while paralysed by Grinder
             ... on Level 3 of the Dungeon.
             The game lasted 00:17:34 (2950 turns).

PolkaDot the Cutter (Vampire Wizard)                Turns: 2950, Time: 00:17:34

HP  -1/33        AC  3     Str  6      XL: 5   Next: 66%
MP   7/13        EV  2     Int 21      God: Vehumet [*.....]
Gold 105         SH  0     Dex 12      Spells:  3 memorised,  3 levels left

Res.Fire  : . . .   See Invis. : +   f - +0 dagger
Res.Cold  : . . .   Warding    : .   i - +0 elf robe
Life Prot.: . . .   Conserve   : .   (no shield)
Res.Poison: .       Res.Corr.  : .   b - +0 wizard hat
Res.Elec. : .       Clarity    : .   l - +0 cloak
Sust.Abil.: . .     Spirit.Shd : .   (no gloves)
Res.Mut.  : .       Stasis     : .   (no boots)
Res.Rott. : .       Flight     : .   (no amulet)
Saprovore : . . .                    (no ring)
                                     (no ring)

@: paralysed, regenerating quickly, slightly resistant to hostile enchantments,
stealthy
A: fangs 3, see invisible, unbreathing
a: Renounce Religion


You were on level 3 of the Dungeon.
You worshipped Vehumet.
Vehumet was aware of your devotion.
You were very full.

You visited 1 branch of the dungeon, and saw 3 of its levels.

You collected 105 gold pieces.

Inventory:

Hand weapons
 f - a +0,+0 dagger (weapon)
Missiles
 g - 14 poisoned needles
 p - 4 needles of frenzy
Armour
 b - a +0 wizard hat (worn)
 i - a +0 elven robe (worn)
 l - a +0 cloak (worn)
Scrolls
 h - a scroll of enchant weapon II
 m - a scroll of remove curse {unknown}
 n - 2 scrolls of identify {unknown}
 o - a scroll of enchant armour {unknown}
 r - a scroll of noise {unknown}
Jewellery
 d - an uncursed ring of magical power {unknown}
 j - a cursed ring of teleportation {unknown}
Potions
 e - a potion of heal wounds {unknown}
 k - a potion of mutation {unknown}
Books
 c - a book of Minor Magic

   Spells                             Type                      Level
   *Magic Dart                        Conjuration                  1
   Blink                              Translocation                2
   Call Imp                           Summoning                    2
   Repel Missiles                     Charms/Air                   2
   Slow                               Hexes                        2
   *Conjure Flame                     Conjuration/Fire             3
   *Mephitic Cloud                    Conjuration/Poison/Air       3


   Skills:
 - Level 3.2 Short Blades
 - Level 2.1 Dodging
 - Level 3.0 Stealth
 + Level 3.0 Spellcasting
 * Level 3.1 Conjurations
   Level 1.0 Summonings
   Level 0.7 Translocations
 + Level 1.5 Air Magic


You had 3 spell levels left.
You knew the following spells:

 Your Spells              Type           Power        Failure   Level  Hunger
a - Magic Dart            Conj           ###.         4%          1    None
d - Mephitic Cloud        Conj/Pois/Air  #.......     24%         3    ###....
s - Conjure Flame         Conj/Fire      #.......     24%         3    ###....


Dungeon Overview and Level Annotations

Branches:
Dungeon (3/27)

Altars:
Vehumet

Annotations:
D:3 Grinder


Innate Abilities, Weirdness & Mutations

Your natural rate of healing is unusually fast.
You have razor-sharp teeth.*
You have supernaturally acute eyesight.
You can survive without breathing.*


Message History

Aiming: Conjure Flame
Press: ? - help, Dir - move target cursor, p - Grinder The fire roars!
Grinder says, "Mostly I couldn't keep them alive."
Grinder gestures at you.
You suddenly lose the ability to move!
Grinder gestures at you. You resist.
Grinder zaps a wand.
Helpless, you fail to dodge the puff of flame.
* * * LOW HITPOINT WARNING * * *
Grinder grins, showing sharp teeth.
Grinder gestures at you. You resist. Grinder gestures at you.
Pain shoots through your body!
* * * LOW HITPOINT WARNING * * *
Grinder zaps a wand.
Helpless, you fail to dodge the puff of flame.
You die...

..........(#....#.#
................#.#
##................#
#######...####..########
########........§.......
............>...########
.......#......f.5#
######.#####.###§# #.#
#.# #@# #.# #.###.# #.#
#.#...# #.# #.#.### #.#
#.#.# #.# #.#.# #.#
#.#.# #.# #.#.# #.#


You could see Grinder.

Vanquished Creatures
  2 orc priests (D:3)
  Jessica (D:3)
  Terence (D:3)
  A gnoll (D:3)
  5 adders
  6 giant geckos
  3 orcs (D:3)
  9 bats
  7 giant cockroaches
  4 hobgoblins
  8 jackals
  9 kobolds
  A ball python (D:3)
  6 giant newts
  7 goblins
  7 rats
  6 ballistomycetes (D:3)
83 creatures vanquished.

Vanquished Creatures (others)
  A giant spore (D:3)
1 creature vanquished.

Grand Total: 84 creatures vanquished

Notes
Turn   | Place    | Note
--------------------------------------------------------------
     0 | D:1      | PolkaDot, the Vampire Wizard, began the quest for the Orb.
     0 | D:1      | Reached XP level 1. HP: 11/11 MP: 6/6
    44 | D:1      | Reached skill level 1 in Conjurations
   264 | D:1      | Reached XP level 2. HP: 17/17 MP: 0/8
   769 | D:1      | Reached skill level 1 in Short Blades
   962 | D:1      | Reached XP level 3. HP: 22/22 MP: 10/10
   967 | D:1      | Learned a level 3 spell: Conjure Flame
   971 | D:1      | Learned a level 3 spell: Mephitic Cloud
  1207 | D:2      | Found a radiant altar of Vehumet.
  1355 | D:2      | Became a worshipper of Vehumet
  1691 | D:2      | Reached XP level 4. HP: 26/28 MP: 12/12
  2017 | D:3      | Noticed Jessica
  2023 | D:3      | Killed Jessica
  2077 | D:3      | Noticed Grinder
  2170 | D:3      | Acquired Vehumet's first power
  2170 | D:3      | Offered knowledge of Shock by Vehumet.
  2334 | D:3      | Noticed Terence
  2346 | D:3      | Killed Terence
  2346 | D:3      | Reached XP level 5. HP: 33/33 MP: 1/13
  2483 | D:3      | Reached skill level 1 in Air Magic
  2945 | D:3      | Paralysed by Grinder for 6 turns
  2950 | D:3      | Killed from afar by Grinder

Action                   |  1- 3 |  4- 6 || total
-------------------------+-------+-------++-------
Melee: Unarmed           |     8 |       ||     8
       Club              |    24 |       ||    24
       Dagger            |   105 |   227 ||   332
 Cast: Magic Dart        |    47 |    45 ||    92
       Mephitic Cloud    |     1 |     6 ||     7
       Conjure Flame     |       |     4 ||     4
  Use: Potion            |     1 |     1 ||     2
       Scroll            |     3 |       ||     3
 Stab: Sleeping          |     8 |     3 ||    11
       Confused          |     1 |     3 ||     4
